 Dungeon Crawl Stone Soup version 0.27-a0-1347-gd8886f0a89 (webtiles) character file.

Game seed: 1273043477417944640

6197 DocClef the Blocker (level 10, -1/82 HPs)
             Began as a Gnoll Fighter on June 27, 2021.
             Was a Priest of Okawaru.
             Slain by a hornet (9 damage)
             ... on level 9 of the Dungeon.
             The game lasted 00:12:49 (12044 turns).

DocClef the Blocker (Gnoll Fighter)                Turns: 12044, Time: 00:12:49

Health: -1/82      AC: 17    Str: 19    XL:     10   Next: 91%
Magic:  18/18      EV: 11    Int:  8    God:    Okawaru [***...]
Gold:   298        SH:  0    Dex: 11    Spells: 20/20 levels left

rFire    + + .     SeeInvis .   E - +5 spear (vorpal)
rCold    + . .     Faith    .   c - +0 kite shield
rNeg     . . .     Spirit   .   g - +3 chain mail {rF+}
rPois    .         Reflect  .   (no helmet)
rElec    .         Harm     .   M - scarf {rC+ rF+}
rCorr    +         Rampage  .   J - +0 pair of gloves
Will     .....                  (no boots)
Stlth    ..........             l - amulet of the acrobat
HPRegen  0.23/turn              i - ring of resist corrosion
MPRegen  0.16/turn              (no ring)

@: confused, heroic, ambrosia-drunk, slowed, very slow
A: fangs 1, strong nose, distributed training
a: Renounce Religion, Heroism


You were on level 9 of the Dungeon.
You worshipped Okawaru.
Okawaru was most pleased with you.
You visited 2 branches of the dungeon, and saw 10 of its levels.
You also visited: Ossuary.

You collected 298 gold pieces.

Inventory:

Hand Weapons
 u - a +1 flail of draining
 E - a +5 vorpal spear (weapon)
Missiles
 p - 8 javelins (quivered)
 x - 9 throwing nets
Armour
 c - a +0 kite shield (worn)
 g - a +3 chain mail of fire resistance (worn)
 J - a +0 pair of gloves (worn)
 K - a +0 cloak
 M - a scarf of resistance (worn)
Jewellery
 d - a ring of protection from fire
 e - a ring of ice
 i - a ring of resist corrosion (left hand)
 l - an amulet of the acrobat (around neck)
 F - an amulet of faith
 L - a ring of protection from fire
Wands
 r - a wand of paralysis (7)
 G - a wand of polymorph (3)
Scrolls
 f - a scroll of enchant weapon {unknown}
 j - 4 scrolls of amnesia {unknown}
 m - 4 scrolls of identify {unknown}
 q - 5 scrolls of teleportation {unknown}
 v - 2 scrolls of vulnerability {unknown}
 y - a scroll of enchant armour
 A - 2 scrolls of magic mapping {unknown}
 B - a scroll of noise {unknown}
 C - 2 scrolls of fog {unknown}
 D - a scroll of torment {unknown}
 O - a scroll of holy word {unknown}
Potions
 a - 2 potions of flight {unknown}
 h - 5 potions of attraction {unknown}
 k - 5 potions of heal wounds {unknown}
 n - a potion of lignification {unknown}
 o - 2 potions of berserk rage {unknown}
 s - 5 potions of curing
 t - a potion of invisibility {unknown}
 w - 4 potions of degeneration {unknown}
 z - 2 potions of magic {unknown}
 H - a potion of haste {unknown}
 I - a potion of resistance
 N - a potion of cancellation {unknown}


   Skills:
 + Level 8.8(13.8) Fighting
 + Level 5.7(10.7) Short Blades
 + Level 5.7(10.7) Long Blades
 + Level 5.7(10.7) Axes
 + Level 7.4(12.4) Maces & Flails
 + Level 5.7(10.7) Polearms
 + Level 5.7(10.7) Staves
 + Level 5.7(10.7) Slings
 + Level 5.7(10.7) Bows
 + Level 5.7(10.7) Crossbows
 + Level 5.7(10.7) Throwing
 + Level 8.8(13.8) Armour
 + Level 5.7(10.7) Dodging
 + Level 5.7(10.7) Stealth
 + Level 8.8(13.8) Shields
 + Level 5.7(10.7) Unarmed Combat
 + Level 5.7 Spellcasting
 + Level 4.7 Conjurations
 + Level 4.7 Hexes
 + Level 4.7 Summonings
 + Level 4.7 Necromancy
 + Level 4.7 Translocations
 + Level 4.7 Transmutations
 + Level 4.7 Fire Magic
 + Level 4.7 Ice Magic
 + Level 4.7 Air Magic
 + Level 4.7 Earth Magic
 + Level 4.7 Poison Magic
 + Level 6.3 Invocations
 + Level 5.7 Evocations


You had 20 spell levels left.
You didn't know any spells.
Your spell library contained the following spells:

 Spells                   Type           Power      Damage    Failure   Level
 Animate Skeleton         Necr           18%        N/A       26%         1
 Apportation              Tloc           18%        N/A       26%         1
 Corona                   Hex            10%        N/A       26%         1
 Magic Dart               Conj           36%        1d4       26%         1
 Summon Small Mammal      Summ           36%        N/A       26%         1
 Searing Ray              Conj           18%        3d3       36%         2
 Dazzling Flash           Conj/Hex       18%        N/A       58%         3
 Fulminant Prism          Conj/Hex       4%         3d6       94%         4
 Iskenderun's Mystic Bla  Conj/Tloc      9%         2d4       94%         4


Dungeon Overview and Level Annotations

Branches:
Dungeon (9/15)             Temple (1/1) D:5         Ossuary (visited)
   Lair: D:8-11         Orc: D:9-12

Altars:
Ashenzari
Cheibriados
Dithmenos
Elyvilon
Fedhas
Hepliaklqana
Kikubaaqudgha
Makhleb
Nemelex Xobeh
Okawaru
Qazlal
Ru
Sif Muna
Trog
Uskayaw
Vehumet
Wu Jian
Xom
Yredelemnul
Zin
The Shining One


Innate Abilities, Weirdness & Mutations

You have very sharp teeth.
Your uncanny sense of smell can sniff out nearby items.
Your experience applies equally to all skills.


Message History

You feel sick. The hornet closely misses you. The hornet stings you.
You are more poisoned.
You feel yourself slow down.
Your shield prevents you from hitting the hornet.
You bite the hornet, but do no damage.
The hornet is moderately wounded.
You feel yourself speed up.
You feel very sick. The hornet stings you!
* * * LOW HITPOINT WARNING * * *
You feel yourself slow down. The hornet stings you!
* * * LOW HITPOINT WARNING * * *
You are more poisoned.
You feel as though you will be slow longer.
You feel better.
The hornet stings you but does no damage.
The hornet stings you.
* * * LOW HITPOINT WARNING * * *
You feel as though you will be slow longer.
You gain the combat prowess of a mighty hero.
You block the hornet's attack. The hornet stings you.
* * * LOW HITPOINT WARNING * * *
You feel as though you will be slow longer.
You barely miss the hornet.
The hornet is moderately wounded.
You block the hornet's attack.
You hit the hornet.
The hornet is moderately wounded.
The hornet stings you!
* * * LOW HITPOINT WARNING * * *
You feel as though you will be slow longer.
You hit the hornet. Your bite misses the hornet.
The hornet is heavily wounded.
You block the hornet's attack.
The hornet stings you but does no damage.
Unknown command.
It was a potion of ambrosia.
You are confused.
You feel invigorated. The hornet stings you!
You die...

##############
#..........(.#
##.##########@#
#.........# #y#
#..######.# #Z#
#..# #.#
####..# #.#
......######.#
#.#
.####.........
....
.####.######.#
##.# ###
.##...# #.# #..


You could see a hornet and a centaur zombie.

Vanquished Creatures
  A two-headed ogre (D:9)
  A cyclops (D:9)
  An unseen horror (D:5)
  Psyche (D:9)
  A hornet (D:8)
  Grinder (D:3)
  Sigmund (D:6)
  A vampire (D:9)
  Eustachio (D:6)
  A wraith (Ossuary)
  A steam dragon (D:8)
  A water moccasin (D:8)
  An orc warrior (D:9)
  A black bear (D:7)
  A sky beast (D:7)
  3 centaurs
  A wolf (D:7)
  An ogre (D:6)
  A phantom (D:4)
  2 elf zombies (Ossuary)
  4 gnoll sergeants (D:7)
  4 bullfrogs
  A water moccasin zombie (D:5)
  A scorpion (D:4)
  A water moccasin skeleton (D:6)
  6 killer bees
  An electric eel (D:7)
  2 wights (D:8)
  A howler monkey (D:5)
  A centaur zombie (D:5)
  An orc priest (D:9)
  A bullfrog zombie (D:6)
  8 hounds
  2 bullfrog skeletons
  5 gnoll shamans
  Jessica (D:3)
  A centaur skeleton (D:7)
  Terence (D:2)
  4 iguanas
  5 orc wizards
  A scorpion zombie (D:5)
  Natasha (thrice) (D:2)
  A killer bee zombie (D:7)
  A hound zombie (D:5)
  A hound skeleton (D:5)
  3 mummies (Ossuary)
  Robin (D:2)
  A howler monkey skeleton (D:7)
  29 gnolls
  5 adders
  2 white imps
  An ufetubus (D:7)
  3 dart slugs
  14 orcs
  A ball python (D:2)
  10 endoplasms
  3 giant cockroaches
  19 goblins
  6 hobgoblins
  10 jackals
  A kobold (D:2)
  A quokka (D:3)
  2 bats
  4 goblin zombies (Ossuary)
  4 hobgoblin zombies (Ossuary)
  3 kobold zombies (Ossuary)
  5 rats
209 creatures vanquished.

Vanquished Creatures (others)
  A bullfrog (D:9)
  3 fungi (D:9)
  3 toadstools (D:9)
7 creatures vanquished.

Grand Total: 216 creatures vanquished

Notes
Turn   | Place    | Note
-------+----------+-------------------------------------------
     0 | D:1      | DocClef the Gnoll Fighter began the quest for the Orb.
     0 | D:1      | Reached XP level 1. HP: 23/23 MP: 1/1
   179 | D:1      | Reached XP level 2. HP: 29/29 MP: 2/2
   196 | D:1      | You fall into a shaft and drop 1 floor!
   196 | D:2      | Found a glowing silver altar of Zin.
   196 | D:2      | Noticed Terence
   208 | D:2      | Killed Terence
   209 | D:2      | Reached XP level 3. HP: 12/35 MP: 2/4
   428 | D:2      | Noticed Robin
   446 | D:2      | Killed Robin
   447 | D:2      | Reached skill level 1 in Invocations
   479 | D:2      | Reached skill level 1 in Short Blades
   479 | D:2      | Reached skill level 1 in Long Blades
   479 | D:2      | Reached skill level 1 in Axes
   479 | D:2      | Reached skill level 1 in Polearms
   479 | D:2      | Reached skill level 1 in Staves
   479 | D:2      | Reached skill level 1 in Slings
   479 | D:2      | Reached skill level 1 in Bows
   479 | D:2      | Reached skill level 1 in Crossbows
   479 | D:2      | Reached skill level 1 in Throwing
   479 | D:2      | Reached skill level 1 in Dodging
   479 | D:2      | Reached skill level 1 in Stealth
   479 | D:2      | Reached skill level 1 in Unarmed Combat
   479 | D:2      | Reached skill level 1 in Spellcasting
   479 | D:2      | Reached skill level 1 in Evocations
   490 | D:2      | Reached XP level 4. HP: 10/41 MP: 5/5
   747 | D:2      | Noticed Natasha
   753 | D:2      | Killed Natasha
   818 | D:2      | Noticed Natasha
   827 | D:2      | Killed Natasha
   828 | D:2      | Reached skill level 1 in Conjurations
   828 | D:2      | Reached skill level 1 in Hexes
   828 | D:2      | Reached skill level 1 in Summonings
   828 | D:2      | Reached skill level 1 in Necromancy
   828 | D:2      | Reached skill level 1 in Translocations
   828 | D:2      | Reached skill level 1 in Transmutations
   828 | D:2      | Reached skill level 1 in Fire Magic
   828 | D:2      | Reached skill level 1 in Ice Magic
   828 | D:2      | Reached skill level 1 in Air Magic
   828 | D:2      | Reached skill level 1 in Earth Magic
   828 | D:2      | Reached skill level 1 in Poison Magic
  1425 | D:1      | Reached XP level 5. HP: 45/45 MP: 6/6
  1784 | D:2      | Noticed Natasha
  1792 | D:2      | Killed Natasha
  2485 | D:3      | Noticed Grinder
  2512 | D:3      | Killed Grinder
  2513 | D:3      | Reached skill level 5 in Maces & Flails
  2513 | D:3      | Reached XP level 6. HP: 20/53 MP: 7/9
  3380 | D:3      | Noticed Jessica
  3385 | D:3      | Reached XP level 7. HP: 59/59 MP: 10/10
  3386 | D:3      | Killed Jessica
  4489 | D:5      | Entered Level 5 of the Dungeon
  4960 | D:5      | Reached XP level 8. HP: 28/67 MP: 12/12
  5152 | D:5      | Found a staircase to the Ecumenical Temple.
  5198 | Temple   | Entered the Ecumenical Temple
  5459 | Temple   | Became a worshipper of Warmaster Okawaru
  6165 | D:6      | Reached * piety under Okawaru
  6215 | D:6      | Noticed Sigmund
  6235 | D:6      | Killed Sigmund
  6774 | D:5      | Killed an unseen horror
  6775 | D:5      | Reached XP level 9. HP: 6/73 MP: 11/14
  7432 | D:6      | Noticed Eustachio
  7440 | D:6      | Killed Eustachio
  7668 | D:7      | Found a sand-covered staircase.
  7679 | Ossuary  | Entered an ossuary
  9124 | D:7      | Reached skill level 5 in Invocations
  9458 | D:7      | Reached ** piety under Okawaru
  9641 | D:7      | Reached XP level 10. HP: 21/80 MP: 17/17
 10371 | D:7      | Reached skill level 5 in Short Blades
 10371 | D:7      | Reached skill level 5 in Long Blades
 10371 | D:7      | Reached skill level 5 in Axes
 10371 | D:7      | Reached skill level 5 in Polearms
 10371 | D:7      | Reached skill level 5 in Staves
 10371 | D:7      | Reached skill level 5 in Slings
 10371 | D:7      | Reached skill level 5 in Bows
 10371 | D:7      | Reached skill level 5 in Crossbows
 10371 | D:7      | Reached skill level 5 in Throwing
 10371 | D:7      | Reached skill level 5 in Dodging
 10371 | D:7      | Reached skill level 5 in Stealth
 10371 | D:7      | Reached skill level 5 in Unarmed Combat
 10371 | D:7      | Reached skill level 5 in Spellcasting
 10371 | D:7      | Reached skill level 5 in Evocations
 11384 | D:8      | Noticed a gargoyle
 11384 | D:8      | Noticed a two-headed ogre
 11857 | D:9      | Noticed Psyche
 11863 | D:9      | Noticed a two-headed ogre
 11883 | D:9      | Killed a two-headed ogre
 11883 | D:9      | Reached *** piety under Okawaru
 11889 | D:9      | Killed Psyche
 12024 | D:9      | Noticed a cyclops
 12030 | D:9      | Killed a cyclops
 12034 | D:9      | Paralysed by a hornet for 2 turns
 12042 | D:9      | HP: 2/82 [hornet (10)]
 12044 | D:9      | Slain by a hornet

Illustrated notes

Levels and vault maps discovered:
D:1:      ebering_trefoil_3fold, layout_basic, bh_walls_and_bars
D:2:      layout_rooms, basic_altar, minmay_puff, uniq_robin, uniq_terence,
          uniq_natasha
D:3:      layout_loops_ring, minmay_misc_feat_encased, uniq_grinder,
          uniq_jessica
D:4:      layout_basic, nicolae_underground_beach
D:5:      layout_loops_ring, minmay_temple_entry_tees
D:6:      layout_basic, uniq_eustachio, uniq_sigmund
D:7:      layout_cave_pools, lightli_ossuary_entry_decrepit_ruins,
          serial_gnoll_camp, gnoll_camp_mini_hut, gnoll_camp_huts_moat,
          gnoll_camp_mini_house, gnoll_camp_mini_hut, gnoll_camp_mini_hut,
          gnoll_camp_mini_loothouse, centaur_isle
D:8:      layout_basic, grunt_gozag_breadcrumbs, grunt_decor_junction,
          minmay_manual_monolith
D:9:      layout_loops_ring, serial_park_tiny_pond, minmay_gold_behind_fungi,
          uniq_psyche
Temple:   nicolae_temple_the_god_donut

Skill      XL: |  1  2  3  4  5  6  7  8  9 10 |
---------------+-------------------------------+-----
Invocations    | 1 2 3 4 5 6 |  6.3
Short Blades   | 1 2 3 4 5 |  5.7
Long Blades    | 1 2 3 4 5 |  5.7
Axes           | 1 2 3 4 5 |  5.7
Polearms       | 1 2 3 4 5 |  5.7
Staves         | 1 2 3 4 5 |  5.7
Slings         | 1 2 3 4 5 |  5.7
Bows           | 1 2 3 4 5 |  5.7
Crossbows      | 1 2 3 4 5 |  5.7
Throwing       | 1 2 3 4 5 |  5.7
Dodging        | 1 2 3 4 5 |  5.7
Stealth        | 1 2 3 4 5 |  5.7
Unarmed Combat | 1 2 3 4 5 |  5.7
Spellcasting   | 1 2 3 4 5 |  5.7
Evocations     | 1 2 3 4 5 |  5.7
Conjurations   | 1 2 3 4 |  4.7
Hexes          | 1 2 3 4 |  4.7
Summonings     | 1 2 3 4 |  4.7
Necromancy     | 1 2 3 4 |  4.7
Translocations | 1 2 3 4 |  4.7
Transmutations | 1 2 3 4 |  4.7
Fire Magic     | 1 2 3 4 |  4.7
Ice Magic      | 1 2 3 4 |  4.7
Air Magic      | 1 2 3 4 |  4.7
Earth Magic    | 1 2 3 4 |  4.7
Poison Magic   | 1 2 3 4 |  4.7
Maces & Flails | 5 6 7 |  7.4
Fighting       | 7 8 |  8.8
Armour         | 7 8 |  8.8
Shields        | 7 8 |  8.8

Action                   |  1- 3 |  4- 6 |  7- 9 | 10-12 || total
-------------------------+-------+-------+-------+-------++-------
Melee: Flail             |    20 |       |   243 |       ||   263
       Falchion          |    31 |   174 |   120 |       ||   325
       Bite              |     3 |    14 |    59 |    20 ||    96
       Spear             |       |       |   151 |   237 ||   388
       Unarmed           |       |       |       |     5 ||     5
Invok: Heroism           |       |       |     5 |     3 ||     8
  Use: Potion            |       |       |     1 |     2 ||     3
       Scroll            |       |       |     1 |       ||     1
Armor: Scale mail        |     7 |       |       |       ||     7
       Chain mail        |    14 |   104 |   301 |    87 ||   506
Dodge: Dodged            |    10 |    37 |   213 |   127 ||   387
Block: Kite shield       |    27 |    80 |   364 |   150 ||   621
       Rpst.: Falchion   |       |     8 |    13 |       ||    21

Table legend: (Time is in decaauts)
 A = Elapsed time spent in this place.
 B = Non-inter-level travel time spent in this place.
 C = Inter-level travel time spent in this place.
 D = Time resting spent in this place.
 E = Time spent auto-exploring this place.
 F = Levels seen in this place.
 G = Mean time per level.
                   A        B        C        D        E       F      G
               +--------+--------+--------+--------+--------+-----+--------+
         Total |  12223 |  11970 |    253 |   3054 |   6773 |  11 | 1111.2 |
       Dungeon |  11070 |  10840 |    230 |   2841 |   6074 |   9 | 1230.0 |
        Temple |    285 |    262 |     23 |      0 |    232 |   1 |  285.0 |
       Ossuary |    867 |    867 |      0 |    213 |    467 |   1 |  867.0 |
               +--------+--------+--------+--------+--------+-----+--------+

Top non-repeatable levels by time:
     D:7: 2652 daAuts
     D:5: 1970 daAuts
     D:2: 1502 daAuts
     D:3: 1095 daAuts
     D:4: 1085 daAuts
     D:6: 958 daAuts
     D:1: 910 daAuts
 Ossuary: 867 daAuts
     D:9: 610 daAuts
  Temple: 285 daAuts
     D:8: 284 daAuts
